General information
			
			
        
        - name: BNet
 
        - type: Ladder team game (AT/RT)
 
        - host: Battle.net
 
        - saver: THEKILLERANGEL
 
        
map: DragonFalls 
        - players: 8
 
        - length: 35:00
 
        - speed: Fast
 - version: 1.22 W3XP
 - replay type:  Public
 
» download(164 KB)
Players
        team 1 (winner) 
              
              
cookiebaker (
orange | 20 APM | 698 actions | 34:59)
              
 5 Tauren Chieftain 
 3 Endurance Aura
 2 War Stomp
 
                » actions 
                
                | Assign group hotkey | 6 |  | 
| Basic commands | 97 |  | 
| Build / train | 50 |  | 
| Enter build submenu | 11 |  | 
| Enter hero's abilities submenu | 5 |  | 
| Give item / drop item | 5 |  | 
| Right click | 155 |  | 
| Select / deselect | 150 |  | 
| Select group hotkey | 188 |  | 
| Use ability | 31 |  | 
                698 total
 » units 
                » upgrades
                
                | Ranged Weapons | 3 |  | 
| Armor | 3 |  | 
| Envenomed Spears | 1 |  | 
                7 total
 » buildings
                
                | Stronghold | 1 |  | 
| Orc Burrow | 8 |  | 
| Voodoo Lounge | 1 |  | 
| Altar of Storms | 1 |  | 
| War Mill | 1 |  | 
| Beastiary | 2 |  | 
| Fortress | 2 |  | 
                16 total
 » build order
                01:47 Stronghold
02:54 Orc Burrow
02:56 Orc Burrow
03:03 Orc Burrow
03:15 Voodoo Lounge
03:16 Altar of Storms
04:17 War Mill
04:39 Beastiary
04:43 Beastiary
08:00 Orc Burrow
08:01 Orc Burrow
10:36 Orc Burrow
13:14 Orc Burrow
13:15 Orc Burrow
13:18 Fortress
13:18 Fortress
» items
                
                | Healing Salve | 2 |  | 
| Scroll of Protection | 1 |  | 
| Scroll of Healing | 1 |  | 
| Potion of Lesser Invulnerability | 2 |  | 
                6 total
  
               
              
              
THEKILLERANGEL (
yellow | 46 APM | 1615 actions | 35:00)
              
 8 Archmage 
 3 Blizzard
 3 Brilliance Aura
 1 Mass Teleport
 1 Summon Water Elemental
 
                » actions 
                
                | Assign group hotkey | 54 |  | 
| Basic commands | 126 |  | 
| Build / train | 90 |  | 
| Enter build submenu | 31 |  | 
| Enter hero's abilities submenu | 8 |  | 
| Give item / drop item | 4 |  | 
| Right click | 353 |  | 
| Select / deselect | 312 |  | 
| Select group hotkey | 531 |  | 
| Use ability | 106 |  | 
                1615 total
 » units 
                
                | Peasant | 21 |  | 
| Footman | 14 |  | 
| Gryphon Rider | 10 |  | 
| Goblin Zeppelin | 1 |  | 
| Green Dragon | 1 |  | 
                47 total
 » upgrades
                
                | Defend | 1 |  | 
| Lumber Harvesting | 2 |  | 
| Masonry | 3 |  | 
| Swords | 3 |  | 
| Storm Hammers | 1 |  | 
| Animal War Training | 1 |  | 
| Armor | 3 |  | 
                14 total
 » buildings
                
                | Altar of Kings | 1 |  | 
| Barracks | 4 |  | 
| Farm | 11 |  | 
| Scout Tower | 1 |  | 
| Town Hall | 3 |  | 
| Keep | 1 |  | 
| Arcane Vault | 1 |  | 
| Blacksmith | 1 |  | 
| Lumber Mill | 4 |  | 
| Castle | 1 |  | 
| Gryphon Aviary | 3 |  | 
                31 total
 » build order
                00:22 Altar of Kings
00:26 Barracks
00:28 Farm
00:35 Farm
01:41 Farm
01:45 Scout Tower
02:26 Farm
03:22 Farm
04:14 Barracks
04:21 Barracks
04:37 Barracks
05:38 Town Hall
06:03 Farm
07:42 Farm
07:45 Keep
09:04 Farm
09:55 Arcane Vault
09:57 Blacksmith
09:59 Lumber Mill
11:03 Castle
11:04 Gryphon Aviary
13:00 Gryphon Aviary
13:03 Gryphon Aviary
16:47 Lumber Mill
16:49 Lumber Mill
18:42 Lumber Mill
20:53 Farm
23:35 Farm
23:38 Farm
24:45 Town Hall
31:04 Town Hall
» items
                
                | Scroll of Town Portal | 5 |  | 
| Scroll of Protection | 2 |  | 
| Scroll of Healing | 1 |  | 
| Potion of Invisibility | 1 |  | 
| Potion of Healing | 4 |  | 
| Potion of Lesser Invulnerability | 2 |  | 
| Staff of Sanctuary | 1 |  | 
| Periapt of Vitality | 1 |  | 
| Boots of Speed | 1 |  | 
                18 total
  
               
              
              
» 
SSJ_GOHAN (
red | 32 APM | 1131 actions | 34:59)
              
 8 Dreadlord 
 3 Vampiric Aura
 3 Carrion Swarm
 1 Inferno
 1 Sleep
 7 Death Knight 
 3 Death Coil
 3 Unholy Aura
 1 Animate Dead
 
                » actions 
                
                | Basic commands | 2 |  | 
| Build / train | 110 |  | 
| Enter build submenu | 25 |  | 
| Enter hero's abilities submenu | 15 |  | 
| Give item / drop item | 6 |  | 
| Remove unit from queue | 4 |  | 
| Right click | 468 |  | 
| Select / deselect | 436 |  | 
| Use ability | 64 |  | 
                1131 total
 » units 
                
                | Acolyte | 7 |  | 
| Ghoul | 26 |  | 
| Gargoyle | 26 |  | 
| Abomination | 5 |  | 
                64 total
 » upgrades
                
                | Unholy Strength | 2 |  | 
| Unholy Armor | 2 |  | 
| Creature Carapace | 3 |  | 
| Creature Attack | 3 |  | 
| Ghoul Frenzy | 1 |  | 
| Disease Cloud | 1 |  | 
                12 total
 » buildings
                
                | Altar of Darkness | 1 |  | 
| Ziggurat | 11 |  | 
| Crypt | 2 |  | 
| Tomb of Relics | 1 |  | 
| Nerubian Tower | 1 |  | 
| Graveyard | 2 |  | 
| Halls of the Dead | 1 |  | 
| Spirit Tower | 2 |  | 
| Black Citadel | 1 |  | 
| Slaughterhouse | 2 |  | 
                24 total
 » build order
                00:14 Altar of Darkness
00:25 Ziggurat
00:57 Crypt
01:28 Ziggurat
01:53 Tomb of Relics
03:49 Ziggurat
06:40 Nerubian Tower
08:04 Graveyard
08:24 Ziggurat
08:42 Halls of the Dead
08:51 Ziggurat
09:29 Spirit Tower
10:00 Spirit Tower
10:34 Crypt
11:12 Ziggurat
11:17 Black Citadel
12:32 Slaughterhouse
13:20 Slaughterhouse
13:34 Ziggurat
13:36 Ziggurat
13:40 Ziggurat
13:43 Ziggurat
24:52 Ziggurat
29:52 Graveyard
» items
                
                | Dust of Appearance | 1 |  | 
| Potion of Lesser Invulnerability | 2 |  | 
| Scroll of Town Portal | 2 |  | 
| Scroll of Protection | 1 |  | 
| Scroll of Healing | 2 |  | 
                8 total
  
               
              
              
khazii (
teal | 58 APM | 2032 actions | 34:59)
              
 7 Keeper of the Grove 
 3 Entangling Roots
 3 Force of Nature
 1 Tranquility
 
                » actions 
                
                | Assign group hotkey | 52 |  | 
| Basic commands | 352 |  | 
| Build / train | 94 |  | 
| ESC pressed | 7 |  | 
| Enter build submenu | 22 |  | 
| Enter hero's abilities submenu | 7 |  | 
| Remove unit from queue | 2 |  | 
| Right click | 749 |  | 
| Select / deselect | 363 |  | 
| Select group hotkey | 308 |  | 
| Use ability | 76 |  | 
                2032 total
 » units 
                
                | Wisp | 22 |  | 
| Huntress | 13 |  | 
| Archer | 9 |  | 
| Druid of the Talon | 25 |  | 
                69 total
 » upgrades
                
                | Druid of the Talon Training | 2 |  | 
| Mark of the Talon | 1 |  | 
| Strength of the Wild | 1 |  | 
| Reinforced Hides | 0 |  | 
                4 total
 » buildings
                
                | Moon Well | 7 |  | 
| Altar of Elders | 2 |  | 
| Hunter's Hall | 1 |  | 
| Ancient of War | 2 |  | 
| Ancient of Wonders | 1 |  | 
| Tree of Ages | 1 |  | 
| Ancient of Wind | 4 |  | 
| Tree of Eternity | 1 |  | 
| Tree of Life | 4 |  | 
                23 total
 » build order
                00:21 Moon Well
00:35 Altar of Elders
01:34 Hunter's Hall
01:48 Moon Well
02:16 Ancient of War
02:28 Ancient of War
02:43 Moon Well
03:58 Ancient of Wonders
05:23 Tree of Ages
06:05 Moon Well
08:18 Moon Well
08:26 Ancient of Wind
08:29 Ancient of Wind
09:20 Moon Well
12:04 Tree of Eternity
12:08 Tree of Life
13:42 Moon Well
15:41 Ancient of Wind
16:50 Ancient of Wind
22:12 Tree of Life
25:42 Tree of Life
28:33 Tree of Life
28:36 Altar of Elders
» items
                
                | Scroll of Town Portal | 3 |  | 
| Scroll of Healing | 1 |  | 
| Scroll of Protection | 1 |  | 
                5 total
  
               team 2 (loser) 
              
              
pimp2dagamee (
green | 40 APM | 1026 actions | 25:53)
              
 3 Mountain King 
 1 Storm Bolt
 2 Thunder Clap
 5 Blademaster 
 1 Wind Walk
 3 Critical Strike
 1 Mirror Image
 4 Shadow Hunter 
 2 Healing Wave
 2 Serpent Ward
 3 Paladin 
 1 Holy Light
 2 Divine Shield
 
                » actions 
                
                | Build / train | 145 |  | 
| Enter build submenu | 39 |  | 
| Enter hero's abilities submenu | 15 |  | 
| Give item / drop item | 1 |  | 
| Remove unit from queue | 3 |  | 
| Right click | 313 |  | 
| Select / deselect | 419 |  | 
| Use ability | 91 |  | 
                1026 total
 » units 
                
                | Peon | 16 |  | 
| Peasant | 11 |  | 
| Grunt | 7 |  | 
| Footman | 22 |  | 
| Wind Rider | 24 |  | 
| Rifleman | 6 |  | 
| Dragonhawk Rider | 6 |  | 
| Gryphon Rider | 8 |  | 
| Shaman | 2 |  | 
                102 total
 » upgrades
                
                | Envenomed Spears | 1 |  | 
| Shaman Training | 2 |  | 
| Long Rifles | 1 |  | 
| Cloud | 1 |  | 
| Storm Hammers | 1 |  | 
| Reinforced Defenses | 1 |  | 
                7 total
 » buildings
                
                | Altar of Storms | 1 |  | 
| Altar of Kings | 1 |  | 
| Orc Burrow | 7 |  | 
| Farm | 12 |  | 
| Barracks | 3 |  | 
| Voodoo Lounge | 1 |  | 
| War Mill | 1 |  | 
| Stronghold | 1 |  | 
| Beastiary | 2 |  | 
| Keep | 1 |  | 
| Arcane Vault | 1 |  | 
| Spirit Lodge | 1 |  | 
| Great Hall | 2 |  | 
| Fortress | 1 |  | 
| Blacksmith | 1 |  | 
| Lumber Mill | 1 |  | 
| Gryphon Aviary | 2 |  | 
| Castle | 1 |  | 
| Town Hall | 1 |  | 
                41 total
 » build order
                00:26 Altar of Storms
00:31 Altar of Kings
00:40 Orc Burrow
00:44 Farm
00:55 Barracks
01:03 Barracks
01:30 Farm
01:48 Orc Burrow
02:09 Barracks
02:17 Farm
02:31 Voodoo Lounge
02:51 Orc Burrow
03:02 Farm
03:27 War Mill
03:41 Farm
04:13 Stronghold
04:29 Farm
05:39 Orc Burrow
07:44 Beastiary
07:48 Beastiary
08:41 Keep
08:56 Arcane Vault
09:05 Orc Burrow
09:26 Spirit Lodge
10:04 Great Hall
10:33 Farm
10:54 Fortress
11:14 Blacksmith
11:18 Lumber Mill
12:03 Farm
13:14 Gryphon Aviary
13:15 Castle
13:17 Gryphon Aviary
15:18 Farm
15:22 Farm
17:28 Farm
18:06 Farm
18:44 Orc Burrow
18:47 Orc Burrow
19:25 Town Hall
23:47 Great Hall
» items
                
                | Healing Salve | 3 |  | 
| Scroll of Town Portal | 4 |  | 
| Scroll of Regeneration | 1 |  | 
| Orb of Lightning | 2 |  | 
                10 total
  
               
              
              
» 
KingsMusketeer (
blue | 14 APM | 492 actions | 34:58)
              
 3 Blademaster 
 2 Critical Strike
 1 Wind Walk
 
                » actions 
                
                | Basic commands | 2 |  | 
| Build / train | 36 |  | 
| Enter build submenu | 18 |  | 
| Enter hero's abilities submenu | 3 |  | 
| Right click | 218 |  | 
| Select / deselect | 190 |  | 
| Use ability | 25 |  | 
                492 total
 » units 
                
                | Peon | 7 |  | 
| Grunt | 2 |  | 
| Troll Headhunter/Berserker | 5 |  | 
| Demolisher | 2 |  | 
| Tauren | 3 |  | 
| Spirit Walker | 1 |  | 
| Gryphon Rider | 1 |  | 
                21 total
 » upgrades
                
                | Burning Oil | 1 |  | 
| Spirit Walker Training | 2 |  | 
| Pulverize | 1 |  | 
| Swords | 1 |  | 
                5 total
 » buildings
                
                | Orc Burrow | 6 |  | 
| Altar of Storms | 1 |  | 
| Barracks | 1 |  | 
| Voodoo Lounge | 1 |  | 
| Stronghold | 1 |  | 
| War Mill | 1 |  | 
| Fortress | 1 |  | 
| Tauren Totem | 1 |  | 
| Spirit Lodge | 1 |  | 
| Watch Tower | 2 |  | 
                16 total
 » build order
                00:26 Orc Burrow
00:32 Altar of Storms
01:32 Barracks
02:12 Orc Burrow
02:45 Voodoo Lounge
03:23 Stronghold
03:35 War Mill
04:01 Orc Burrow
05:44 Fortress
08:14 Tauren Totem
08:29 Spirit Lodge
09:01 Orc Burrow
09:56 Orc Burrow
10:37 Orc Burrow
12:24 Watch Tower
12:49 Watch Tower
» items
                
                | Healing Salve | 1 |  | 
| Scroll of Speed | 1 |  | 
| Lesser Clarity Potion | 1 |  | 
| Orb of Lightning | 1 |  | 
                4 total
  
               
              
              
» 
SoProLah (
purple | 0 APM | 0 actions | 00:03)
              
               
              
              
» 
hiema (
pink | 25 APM | 633 actions | 25:43)
              
 4 Dreadlord 
 2 Carrion Swarm
 2 Vampiric Aura
 
                » actions 
                
                | Assign group hotkey | 12 |  | 
| Basic commands | 32 |  | 
| Build / train | 72 |  | 
| Enter build submenu | 23 |  | 
| Enter hero's abilities submenu | 4 |  | 
| Remove unit from queue | 2 |  | 
| Right click | 131 |  | 
| Select / deselect | 273 |  | 
| Select group hotkey | 49 |  | 
| Use ability | 35 |  | 
                633 total
 » units 
                
                | Acolyte | 15 |  | 
| Ghoul | 5 |  | 
| Crypt Fiend | 9 |  | 
| Frost Wyrm | 7 |  | 
| Gargoyle | 12 |  | 
                48 total
 » upgrades
                
                | Web | 1 |  | 
| Burrow | 1 |  | 
| Creature Attack | 3 |  | 
| Creature Carapace | 2 |  | 
| Freezing Breath | 1 |  | 
                8 total
 » buildings
                
                | Crypt | 2 |  | 
| Ziggurat | 8 |  | 
| Altar of Darkness | 1 |  | 
| Graveyard | 1 |  | 
| Spirit Tower | 4 |  | 
| Halls of the Dead | 1 |  | 
| Slaughterhouse | 1 |  | 
| Black Citadel | 1 |  | 
| Sacrificial Pit | 1 |  | 
| Boneyard | 3 |  | 
                23 total
 » build order
                00:33 Crypt
00:38 Ziggurat
00:47 Altar of Darkness
01:04 Ziggurat
01:35 Graveyard
02:58 Spirit Tower
04:07 Halls of the Dead
04:24 Ziggurat
04:37 Ziggurat
05:38 Spirit Tower
08:24 Slaughterhouse
08:55 Black Citadel
09:08 Sacrificial Pit
12:16 Boneyard
12:23 Boneyard
12:25 Boneyard
12:48 Ziggurat
12:57 Ziggurat
13:56 Spirit Tower
15:42 Ziggurat
15:55 Ziggurat
20:45 Crypt
24:36 Spirit Tower
» items
                 
                Chat log
          (00:06 / All) cookiebaker: I FARTED
(00:15 / All) THEKILLERANGEL: CAN U ALL HADNLE HIM?
(00:27 / Allies) khazii: i sharted
(01:04 / All) THEKILLERANGEL: GL, WHO KNOWS MY TEAM MIGHT BE NOOBS
(01:24 / Allies) THEKILLERANGEL: plan, noobs?
(02:03 / All) THEKILLERANGEL: YUP THEY'RE NOOBS
(02:07 / Allies) khazii: u want to hear plans from noobs?
(02:12 / Allies) khazii: u take order from a noob?
(02:21 / Allies) SSJ_GOHAN: fuck you asshole
(02:23 / Allies) THEKILLERANGEL: no i'm just wondering
(02:29 / All) THEKILLERANGEL: NO FUCK YOU
(02:51 / Allies) khazii: u must suck a lot of shit
(02:55 / Allies) SSJ_GOHAN: guess caps are supposed to scare me
(03:00 / Allies) cookiebaker: *cock*
(03:09 / All) THEKILLERANGEL: I'M TRYIGN TO MICRO SHUT UP
(03:24 / Allies) cookiebaker: i know u have  a micro dick
(03:32 / All) THEKILLERANGEL: THAT'S SO FUNNY
(03:41 / Allies) cookiebaker: yea it is funny
(03:51 / Allies) cookiebaker: i bet it is a slight inconvinience in the bedroom
(04:02 / Allies) cookiebaker: ty
(04:13 / Allies) khazii: rush
(04:20 / Allies) cookiebaker: no
(04:21 / Allies) cookiebaker: do not rush
(04:21 / Allies) THEKILLERANGEL: NO
(04:22 / Allies) khazii: haras
(04:23 / Allies) THEKILLERANGEL: DO NOT RUSH
(04:24 / Allies) cookiebaker: rush to clear mines
(04:29 / Allies) cookiebaker: clear mines and creeps
(04:30 / Allies) cookiebaker: do not rush
(04:46 / Allies) cookiebaker: and wood me if u can
(04:53 / Allies) cookiebaker: ssj u got 580
(04:55 / Allies) cookiebaker: can i have some of that
(05:00 / Allies) cookiebaker: ur ghouls get wood faster than me
(05:09 / Allies) cookiebaker: plus ur teir 1
(05:10 / Allies) THEKILLERANGEL: OH GOD PLZ NO
(06:34 / Allies) cookiebaker: DUDE
(06:36 / Allies) cookiebaker: UPGRADE ZIGS
(07:51 / Allies) khazii: counter
(07:54 / Allies) cookiebaker: no
(08:02 / Allies) THEKILLERANGEL: WE CAN
(08:05 / Allies) THEKILLERANGEL: I GOT ENOUGH
(08:17 / Allies) cookiebaker: counter in a bit
(08:18 / Allies) cookiebaker: not right away
(08:22 / Allies) THEKILLERANGEL: KAY
(08:39 / Allies) cookiebaker: ALL MEET NOW
(08:40 / Allies) cookiebaker: TO COUTNER
(08:44 / Allies) khazii: no
(08:49 / Allies) cookiebaker: heal
(08:50 / Allies) cookiebaker: then come
(09:02 / Allies) THEKILLERANGEL: MEET ALL
(09:07 / Allies) cookiebaker: come now
(09:07 / Allies) cookiebaker: ne
(09:34 / Allies) THEKILLERANGEL: CMON YOU WHORES
(10:11 / Allies) THEKILLERANGEL: COOKIE CMON
(10:12 / Allies) THEKILLERANGEL: DAMMIT
(10:21 / Allies) khazii: fuck man
(10:40 / Allies) THEKILLERANGEL: WAIT FOR HIM, I GUESS
(10:41 / Allies) cookiebaker: im coming
(10:45 / Allies) THEKILLERANGEL: FAG
(10:51 / Allies) THEKILLERANGEL: WE'RE WAITING
(10:53 / Allies) khazii: play insync damnit
(11:06 / Allies) cookiebaker: go
(11:21 / All) THEKILLERANGEL: GG NOOBS
(13:22 / All) THEKILLERANGEL: I NEEED WOOOOOD
(13:40 / All) THEKILLERANGEL: WOOOOD
(13:55 / Allies) THEKILLERANGEL: TY GOHAN
(15:38 / All) THEKILLERANGEL: WOOOOOOD
(16:32 / All) THEKILLERANGEL: THEY STILL HAVE AN ARMIE
(16:36 / All) THEKILLERANGEL: DONT SLACK OF F
(17:41 / All) THEKILLERANGEL: WOOOD ME
(19:00 / Allies) khazii: so we jus gonna sit here?
(19:01 / Allies) khazii: come on
(19:28 / Allies) THEKILLERANGEL: THEY COMIGN THERE
(19:31 / Allies) THEKILLERANGEL: GET RDY TO TP
(19:44 / Allies) khazii: what is that doing?
(22:10 / Allies) SSJ_GOHAN: lets hit
(22:48 / Allies) khazii: u fag
(22:52 / Allies) khazii: why u kill me
(22:56 / All) THEKILLERANGEL: SRRY, TYPO
(22:59 / Allies) SSJ_GOHAN: fucking gay yellow
(23:07 / Allies) SSJ_GOHAN: did the same to me
(23:21 / Allies) THEKILLERANGEL: I WAS TRYIGN TO KILL THE ENEMY HERO
(23:36 / Allies) SSJ_GOHAN: uh-huh
(23:50 / Allies) cookiebaker: my gf naked on cam
(23:50 / Allies) cookiebaker: brb
(23:55 / Allies) SSJ_GOHAN: hurry yup
(24:31 / Allies) THEKILLERANGEL: LETS JSUT GO ATTACK
(25:36 / Allies) cookiebaker: ?
(26:12 / Allies) SSJ_GOHAN: fucking faggot quiyt thta shit
(26:17 / All) THEKILLERANGEL: WUT?
(26:34 / Allies) SSJ_GOHAN: you killed my fuckinhg hero again
(26:42 / All) THEKILLERANGEL: SRRY
(27:06 / Allies) SSJ_GOHAN: next time i play with you im gonna kill you from the beggining
(30:07 / Allies) SSJ_GOHAN: let me guess yellow again
(30:37 / Allies) cookiebaker: gold me pls
(30:38 / Allies) cookiebaker: all of u
(30:39 / Allies) cookiebaker: mass gold me
(30:43 / Allies) cookiebaker: for hero and air to kill him
(31:03 / Allies) cookiebaker: go to crow form
(31:04 / Allies) cookiebaker: and kill him
(32:54 / Allies) cookiebaker: gold me
(33:11 / Allies) cookiebaker: gold me?
(33:26 / Allies) cookiebaker: k can u share unit control kalil
(33:29 / Allies) cookiebaker: khazii
(33:30 / Allies) cookiebaker: whatevewr
(33:35 / Allies) cookiebaker: SHARE UNITS
(33:37 / Allies) cookiebaker: and ill take care
(33:44 / Allies) cookiebaker: KHAZZII
(33:45 / Allies) cookiebaker: share
(34:28 / Allies) cookiebaker: khazzii
(34:32 / Allies) cookiebaker: share unit control with me right now
(34:34 / Allies) cookiebaker: and ill fix him
(34:52 / Allies) cookiebaker: KHAZZII
(34:56 / Allies) cookiebaker: sahre now or im goign to leave